 Dungeon Crawl Stone Soup version 0.31-a0-1074-g0b22e4e0f1 (webtiles) character file.

Game seed: 13406895472373371547

29 Dirtsage the Slasher (level 3, 29/29 HPs)
             Began as a Demonspawn Monk on Nov 26, 2023.
             Quit the game on level 1 of the Dungeon.
             The game lasted 00:01:06 (488 turns).

Dirtsage the Slasher (Demonspawn Monk)               Turns: 488, Time: 00:01:06

Health: 29/29      AC:  5    Str: 11    XL:     3   Next: 1%
Magic:  3/3        EV: 11    Int: 11    God:
Gold:   25         SH:  0    Dex: 17    Spells: 2/2 levels left

rFire   . . .        a - +0 falchion
rCold   . . .        d - orb {light}
rNeg    . . .        i - +0 ring mail
rPois   .            (no helmet)
rElec   .            (no cloak)
rCorr   .            (no gloves)
SInv    .            (no boots)
Will    .....        h - amulet of the acrobat
Stlth   +            (no ring)
HPRegen 0.24/turn    (no ring)
MPRegen 0.08/turn

%: acrobat
@: glowing
A: demonic magic 1, weakness stinger 1
a: no special abilities


You were on level 1 of the Dungeon.
You visited 1 branch of the dungeon, and saw 1 of its levels.

You collected 25 gold pieces.

Inventory:

Hand Weapons
 a - a +0 falchion (weapon)
Armour
 b - a +0 robe
 d - an orb of light (worn)
 f - a +0 scale mail
 i - a +0 ring mail (worn)
Jewellery
 h - an amulet of the acrobat (around neck)
Scrolls
 e - 3 scrolls of identify {unknown}
Potions
 c - a potion of ambrosia
 g - a potion of magic {unknown}


   Skills:
 - Level 3.0 Fighting
 + Level 3.8 Long Blades
 - Level 2.6 Dodging


You had 2 spell levels left.
You didn't know any spells.
Your spell library was empty.

Dungeon Overview and Level Annotations

Branches:
Dungeon (1/15)

Altars:


Innate Abilities, Weirdness & Mutations

Spells you cast may paralyse adjacent enemies.
You have a small tail.


Message History

The endoplasm quivers.
The hobgoblin completely misses you.
You barely miss the hobgoblin. The hobgoblin hits you.
The hobgoblin misses you.
You take 1 damage, and have 23/24 hp.
You hit the hobgoblin but do no damage. The hobgoblin closely misses you.
The endoplasm freezes you.
You are frozen.
You take 5 damage, and have 18/24 hp.
MASSIVE DAMAGE!!
You slash the hobgoblin!
You kill the hobgoblin!
The endoplasm hits you.
You take 1 damage, and have 17/24 hp.
You slash the endoplasm!
You kill the endoplasm!
No target in view!
No target in view!
A goblin comes into view. It is wielding a +0 dagger.
Found a stone staircase leading down.
The goblin shouts!
Health restored: 24 A goblin is nearby!
You closely miss the goblin. The goblin hits you but does no damage.
You hit the goblin but do no damage. The goblin hits you but does no damage.
You hit the goblin.
The goblin is severely wounded.
The goblin closely misses you.
You slash the goblin!
You kill the goblin!
You have reached level 3!
Your experience leads to an increase in your attributes!
Increase (s)trength, (i)ntelligence, or (d)exterity?
You feel agile. x2
You feel monstrous as your demonic heritage exerts itself.
Your demonic ancestry asserts itself...
You grow a small tail.
Health restored: 29; MP restored: 3 Are you sure you want to abandon this character and quit the game? (Confirm with "yes".)
Okay, then.
Are you sure you want to abandon this character and quit the game? (Confirm with "yes".)

#.....#.#.#
#..####
#....#..###..#
##...## #.##
#.#.#.#.#
#.....#
#.##.##.#
#..<..#
##.####..#
##...##
#........#
######
#.....####
#..##....#
#.@#####.# ###
#.)# ######.##
#>.#
##...#..##
...#
#..⌠......
##.##
#.....###. #.
##...## #. #.
##### ## ..


There were no monsters in sight!

Vanquished Creatures
  A gnoll (D:1)
  2 ball pythons (D:1)
  3 endoplasms (D:1)
  4 goblins (D:1)
  A hobgoblin (D:1)
  2 kobolds (D:1)
  A quokka (D:1)
  2 rats (D:1)
16 creatures vanquished.

Notes
Turn   | Place    | Note
-------+----------+-------------------------------------------
     0 | D:1      | Dirtsage the Demonspawn Monk began the quest for the Orb.
     0 | D:1      | Reached XP level 1. HP: 18/18 MP: 1/1
   282 | D:1      | Gained mutation: Spells you cast may paralyse adjacent
                  | enemies. [demonic ancestry]
   282 | D:1      | Reached XP level 2. HP: 21/24 MP: 2/2
   488 | D:1      | Discovered your monstrous ancestry.
   488 | D:1      | Gained mutation: You have a small tail. [demonic ancestry]
   488 | D:1      | Reached XP level 3. HP: 29/29 MP: 3/3
   488 | D:1      | Quit the game

Illustrated notes

Levels and vault maps discovered:
D:1:      dpeg_cavernosity, layout_loops_ring, minmay_misc_feat_enclosed,
          minmay_misc_feat_x, minmay_split_cup_small

Skill      XL: |  1 |
---------------+----+-----
Long Blades    | 3 |  3.8
Fighting       | |  3.0
Dodging        | |  2.6

Action                     || total
---------------------------++-------
  Melee: Falchion          ||    37
 Armour: Scale mail        ||    14
         Ring mail         ||     4
  Dodge: Dodged            ||    15

Table legend: (Time is in decaauts)
 A = Elapsed time spent in this place.
 B = Non-inter-level travel time spent in this place.
 C = Inter-level travel time spent in this place.
 D = Time resting spent in this place.
 E = Time spent auto-exploring this place.
 F = Levels seen in this place.
 G = Mean time per level.
                   A        B        C        D        E       F      G
               +--------+--------+--------+--------+--------+-----+--------+
         Total |    492 |    448 |     44 |      0 |    341 |   1 |  492.0 |
       Dungeon |    492 |    448 |     44 |      0 |    341 |   1 |  492.0 |
               +--------+--------+--------+--------+--------+-----+--------+

Top non-repeatable levels by time:
     D:1: 492 daAuts
